 Dungeon Crawl Stone Soup version 0.30-a0-116-g3b1a8e4ee4 (webtiles) character file.

Game seed: 2975662196745078235

497 frimble the Sneak (level 6, -6/43 HPs)
             Began as a Demonspawn Hexslinger on Sept 13, 2022.
             Mangled by an ogre
             ... wielding a +0 giant club
              (27 damage)
             ... on level 4 of the Dungeon.
             The game lasted 00:03:37 (5417 turns).

frimble the Sneak (Demonspawn Hexslinger)           Turns: 5417, Time: 00:03:38

Health: -6/43      AC:  4    Str: 10    XL:     6   Next: 93%
Magic:  6/7        EV: 17    Int: 15    God:
Gold:   205        SH:  5    Dex: 15    Spells: 6/7 levels left

rFire   . . .      SeeInvis .    g - +0 dagger (venom)
rCold   . . .      Faith    .    (no shield)
rNeg    . . .      Spirit   .    c - +1 robe
rPois   .          Reflect  +    l - +0 helmet
rElec   .          Harm     .    (no cloak)
rCorr   .          Rampage  .    (no gloves)
Will    .....                    (no boots)
Stlth   +++.......               k - amulet of reflection
HPRegen 0.14/turn                (no ring)
MPRegen 0.10/turn                (no ring)

@: agile
A: powered by pain 1, weakness stinger 1
a: no special abilities


You were on level 4 of the Dungeon.
You visited 1 branch of the dungeon, and saw 4 of its levels.

You collected 205 gold pieces.

Inventory:

Hand Weapons
 a - a +1 sling
 g - a +0 dagger of venom (weapon)
Armour
 c - a +1 robe (worn)
 l - a +0 helmet (worn)
Jewellery
 i - an amulet of regeneration
 k - an amulet of reflection (around neck)
Scrolls
 b - a scroll of poison
 j - a scroll of identify
Potions
 d - a potion of flight
 e - 5 potions of curing
 f - 3 potions of heal wounds {unknown}
 h - a potion of haste {unknown}


   Skills:
 - Level 1.3 Fighting
 + Level 4.2 Short Blades
 - Level 2.0 Ranged Weapons
 - Level 2.0 Dodging
 + Level 4.6 Stealth
 - Level 1.2 Spellcasting
 - Level 3.1 Hexes


You had 6 spell levels left.
You knew the following spells:

 Your Spells              Type           Power      Damage    Failure   Level
a - Slow                  Hex            40%        N/A       6%          1

Your spell library contained the following spells:

 Spells                   Type           Power      Damage    Failure   Level
 Cigotuvi's Dreadful Rot  Necr/Pois/Air  0%         N/A       36%         2
 Poisonous Vapours        Pois/Air       0%         N/A       36%         2
 Inner Flame              Hex/Fire       5%         N/A       36%         3
 Portal Projectile        Hex/Tloc       10%        N/A       36%         3
 Cause Fear               Hex            5%         N/A       54%         4
 Alistair's Intoxication  Tmut/Pois      0%         N/A       100%        5
 Borgnjor's Vile Clutch   Necr/Erth      0%         N/A       100%        5
 Eringya's Noxious Bog    Tmut/Pois      0%         N/A       100%        6


Dungeon Overview and Level Annotations

Branches:
Dungeon (4/15)
 Temple: D:4-7

Altars:
Hepliaklqana
Kikubaaqudgha
Sif Muna


Innate Abilities, Weirdness & Mutations

You sometimes gain a little power by taking damage.
You have a small tail.


Message History

No target in view!
You open the door.
There is an open door here.
Found a spear.
You now have 205 gold pieces (gained 6).
An adder is nearby!
An adder is nearby!
No target in view!
No target in view!
No target in view!
No target in view!
No target in view!
No target in view!
No target in view!
No target in view!
No target in view!
No target in view!
An ogre is nearby!
An ogre is nearby!
Aiming: Slow (safe; 6% risk of failure)
Press: ? - help, Q - select action Shift-Dir - straight line, f - ogre
Aim: an ogre, wielding a +0 giant club (wandering, hasn't noticed you, chance to affect: 49%)
The ogre shouts!
The ogre seems to slow down.
You hear an angry hiss.
A ball python comes into view.
The ogre hits you with a +0 giant club!!
Ouch! That really hurt!
You focus on the pain.
You feel agile all of a sudden.
You are too injured to fight recklessly!
You completely miss the ogre. You tail-slap the ogre.
The ogre is lightly wounded.
You hit the ogre.
The ogre is lightly wounded.
You hit the ogre.
The ogre is poisoned.
The ogre is moderately wounded.
The ogre hits you with a +0 giant club!!
Ouch! That really hurt!
You die...

######,,*#..........'....#....
*,,,.................'.... *****
*,,*#.#.##.###.####..#...# ,,,,*
**,*#.#.##.###.####..#...# ,,,,*
**,**...............<#...# ,,,,*
*,,**,#.#.##.###.##..#...# ,,,,*
*,,,,,#..............#...#
,,,,*****,**,#.#.#.##.#.##..#..##
,*,,,*,**,**,,.#@.......##..#..##
,+,,,*,,,,**,#.O.$..#.#.....'...#
,*,,,*,,,,,,,#.#..[.(รท#.##..#...'
,*,,**,**,**........#...##..#'###
**,,**+*,,*#.#.##.#.#.#.##....(.#
,*,,,,,*,,............#.........#
,*,,,,,+,.##.###.##.#.#.##.#....#
,*,,,,,*,,,..,,,........##.#....#
**,,,,**,,****,*##.*#.#.##.#....#


You could see an ogre (very poisoned, slow).

Vanquished Creatures
  Grinder (D:4)
  A black bear (D:4)
  3 iguanas
  5 adders
  6 worms
  2 orcs (D:4)
  4 ball pythons
  4 bats
  7 endoplasms
  3 giant cockroaches
  4 goblins
  9 hobgoblins
  10 kobolds
  2 quokkas
  3 frilled lizards
  8 rats
72 creatures vanquished.

Notes
Turn   | Place    | Note
-------+----------+-------------------------------------------
     0 | D:1      | frimble the Demonspawn Hexslinger began the quest for the
                  | Orb.
     0 | D:1      | Reached XP level 1. HP: 15/15 MP: 2/2
   225 | D:1      | Found a faded altar of an unknown god.
   337 | D:1      | Gained mutation: You sometimes gain a little power by
                  | taking damage. [demonic ancestry]
   337 | D:1      | Reached XP level 2. HP: 21/21 MP: 3/3
  1319 | D:2      | Reached XP level 3. HP: 10/26 MP: 4/4
  1545 | D:2      | Reached skill level 1 in Short Blades
  1761 | D:2      | Reached skill level 1 in Stealth
  2463 | D:2      | Reached XP level 4. HP: 32/32 MP: 5/5
  3385 | D:3      | Found an ancient bone altar of Kikubaaqudgha.
  3786 | D:3      | Gained mutation: You have a small tail. [demonic ancestry]
  3786 | D:3      | Reached XP level 5. HP: 16/37 MP: 6/6
  4590 | D:4      | Found a shimmering blue altar of Sif Muna.
  4712 | D:4      | Found a hazy altar of Hepliaklqana.
  4808 | D:4      | Noticed Grinder
  4819 | D:4      | Paralysed by Grinder for 4 turns
  4830 | D:4      | Killed Grinder
  4831 | D:4      | Reached XP level 6. HP: 36/43 MP: 5/7
  5417 | D:4      | Mangled by an ogre

Illustrated notes

Levels and vault maps discovered:
D:1:      minmay_arrival_checkered_box, layout_loops_ring,
          shapermc_ecumenical_altar_mp_highgroup, serial_park_tiny_1,
          corexii_corridor_pit
D:2:      layout_loops_corners
D:3:      layout_loops_cross, mainiacjoe_overflow_alcove_1
D:4:      layout_gridville, mainiacjoe_overflow_large_starburst,
          minmay_diced_spiral, uniq_grinder, uniq_menkaure

Skill      XL: |  1  2  3  4  5  6 |
---------------+-------------------+-----
Ranged Weapons | 2 |  2.0
Dodging        | 2 |  2.0
Short Blades   | 1 2 3 4 |  4.2
Stealth        | 1 2 4 |  4.6
Fighting       | |  1.3
Spellcasting   | |  1.2
Hexes          | |  3.1

Action                   |  1- 3 |  4- 6 || total
-------------------------+-------+-------++-------
Melee: Dagger            |   104 |   126 ||   230
       Tailslap          |       |    15 ||    15
       Punch             |       |     1 ||     1
 Fire: Sling             |    45 |       ||    45
 Cast: Slow              |     2 |     4 ||     6
  Use: Scroll            |     3 |     4 ||     7
       Potion            |       |     1 ||     1
 Stab: Sleeping          |     5 |     4 ||     9
Armor: Robe              |    17 |    15 ||    32
Dodge: Dodged            |    61 |    70 ||   131
Block: Other             |       |    12 ||    12

Table legend: (Time is in decaauts)
 A = Elapsed time spent in this place.
 B = Non-inter-level travel time spent in this place.
 C = Inter-level travel time spent in this place.
 D = Time resting spent in this place.
 E = Time spent auto-exploring this place.
 F = Levels seen in this place.
 G = Mean time per level.
                   A        B        C        D        E       F      G
               +--------+--------+--------+--------+--------+-----+--------+
         Total |   5409 |   5290 |    119 |    112 |   4537 |   4 | 1352.2 |
       Dungeon |   5409 |   5290 |    119 |    112 |   4537 |   4 | 1352.2 |
               +--------+--------+--------+--------+--------+-----+--------+

Top non-repeatable levels by time:
     D:2: 2086 daAuts
     D:1: 1276 daAuts
     D:3: 1199 daAuts
     D:4: 846 daAuts
